 Dungeon Crawl Stone Soup version bcrawl-1.13.1-9-ga81ed0b431 (webtiles) character file.

Game seed: 10228376484812090246

2939 Revguard the Magician (level 9, -5/64 HPs)
             Began as a Demonspawn Archaeologist on Aug 8, 2019.
             Was a Follower of Vehumet.
             Slain by a brown ugly thing (9 damage)
             ... on level 6 of the Dungeon.
             The game lasted 00:20:19 (5040 turns).

Revguard the Magician (Demonspawn Archaeologist)    Turns: 5040, Time: 00:20:19

Health: -5/64      AC:  9    Str: 13    XL:     9   Next: 51%
Magic:  3/30       EV: 17    Int: 20    God:    Vehumet [*.....]
Gold:   387        SH:  0    Dex: 14    Spells: 19/23 levels left

rFire    . . .     SeeInvis .   t - +2 quarterstaff (chaos)
rCold    . . .     Gourm    .   (shield currently unavailable)
rNeg     . . .     Faith    .   x - +2 leather armour of the Suburbs {Regen+ rCorr}
rPois    +         Spirit   .   f - +3 hat of Pondering {ponderous, MR+ MP+10 Int+5}
rElec    .         Reflect  .   u - +0 cloak
rCorr    +         Harm     .   (no gloves)
MR       +....                  d - +1 pair of boots
Stlth    ++........             (no amulet)
HPRegen  0.60/turn              m - +3 ring of evasion
MPRegen  0.22/turn              n - ring of poison resistance

@: corroded, very slightly contaminated, slow
A: horns 2, spiny 2, rot immunity
a: Renounce Religion


You were on level 6 of the Dungeon.
You worshipped Vehumet.
Vehumet was aware of your devotion.
You were hungry.

You visited 2 branches of the dungeon, and saw 8 of its levels.

You collected 387 gold pieces.

Inventory:

Hand Weapons
 a - a +0 whip
 i - a +1 hand axe
 l - a +0 quarterstaff
 t - a +2 quarterstaff of chaos (weapon)
Armour
 b - a +1 robe
 c - a +1 hat
 d - a +1 pair of boots (worn)
 f - the +3 hat of Pondering (worn) {ponderous, MR+ MP+10 Int+5}

   It affects your intelligence (+5).
   It affects your resistance to hostile enchantments.
   It affects your magic capacity (+10).
 u - a +0 cloak (worn)
 x - the +2 leather armour of the Suburbs (worn) {Regen+ rCorr}
   (You took it off an orc on level 5 of the Dungeon)

   It increases your rate of regeneration.
   It provides partial protection from all sources of acid and corrosion.
Jewellery
 m - a +3 ring of evasion (left hand)
 n - a ring of poison resistance (right hand)
Wands
 o - a wand of acid (12)
Scrolls
 j - a scroll of noise
 k - 4 scrolls of teleportation
 p - a scroll of enchant weapon
 s - 4 scrolls of identify
 v - 2 scrolls of magic mapping
 w - 2 scrolls of remove curse
Potions
 e - a potion of resistance {unknown}
 h - 5 potions of curing
 r - 2 potions of brilliance
 A - a potion of agility
Comestibles
 g - 9 rations {!d}


   Skills:
 + Level 3.5 Fighting
 - Level 2.2(2.3) Axes
 - Level 0.8(3.4) Maces & Flails
 + Level 4.6(4.7) Staves
 * Level 3.5 Armour
 * Level 5.0 Dodging
 + Level 4.1 Stealth
 * Level 7.5 Spellcasting
 * Level 3.5 Conjurations
 * Level 2.7 Air Magic
 + Level 2.1 Poison Magic
 + Level 1.3 Evocations


You had 19 spell levels left.
You knew the following spells:

 Your Spells              Type           Power        Failure   Level  Hunger
a - Mephitic Cloud        Conj/Pois/Air  ###.....     11%         3    None
b - Sting                 Conj/Pois      ###.         3%          1    None

Your spell library contained the following spells:

 Spells                   Type           Power        Failure   Level  Hunger
 Magic Dart               Conj           ###.         2%          1    None
 Slow                     Hex            #.......     11%         1    None
 Conjure Flame            Conj/Fire      ##......     16%         3    None
 Blink                    Tloc           N/A          17%         2    None
 Call Imp                 Summ           #.......     17%         2    None


Dungeon Overview and Level Annotations

Branches:
Dungeon (7/12)             Temple (1/1) D:4
   Lair: D:7-10

Altars:
Ashenzari
Cheibriados
Dithmenos
Elyvilon
Fedhas
Gozag
Hepliaklqana
Kikubaaqudgha
Lugonu
Makhleb
Nemelex Xobeh
Okawaru
Qazlal
Ru
Sif Muna
Trog
Uskayaw
Vehumet
Wu Jian
Xom
Zin
The Shining One


Innate Abilities, Weirdness & Mutations

You have a pair of horns on your head.
You are mostly covered in sharp spines.
You are immune to rotting.


Message History

Press: ? - help, Shift-Dir - straight line, f - brown ugly thing
Aim: a brown ugly thing (lightly wounded)
Okay, then.
Evoke which item? (* to show all) (? for menu, Esc to quit)
Okay, then.
Casting: Mephitic Cloud (safe; 11% risk of failure)
Confirm with . or Enter, or press ? or * to list all spells.
Aiming: Mephitic Cloud (safe; 11% risk of failure)
Press: ? - help, Shift-Dir - straight line The ball explodes into a vile cloud!
The stinking cloud engulfs the orc wizard.
The stinking cloud engulfs the brown ugly thing.
The brown ugly thing is lightly wounded.
The orc wizard is engulfed in noxious fumes.
The orc wizard appears confused.
The orc wizard closely misses the brown ugly thing.
The brown ugly thing is engulfed in noxious fumes.
The brown ugly thing is struck by your spines.
The brown ugly thing bites you!
You die...

.........######..##....##########
###########..##..##....#.........
......#................#.........
......#................#.........
......#......##.>##.)).#.........
......#......###○##..).#.........
#######..######○o##...##.........
.....##### #.u##...####'#....#
......# #.@##........#....#
......# ####.........#....#
......# #.#'#######....# '######
#...###...#....# .....##
#####.........#..... .....<#
#....#........#..... ......#
#....+........#..... ......#
#....#........#..... #######
#....##########.....


You could see a brown ugly thing and an orc wizard (confused).

Vanquished Creatures
  A troll (D:7)
  A hippogriff (D:6)
  Edmund (D:6)
  Menkaure (D:6)
  3 sky beasts
  2 orc warriors
  A necrophage (D:6)
  An ogre (D:4)
  4 phantoms
  2 centaurs
  2 scorpions (D:5)
  3 howler monkeys
  4 crimson imps
  A bullfrog zombie (D:6)
  4 orc priests
  Crazy Yiuf (D:3)
  A gnoll shaman (D:5)
  2 hounds (D:5)
  2 orc wizards
  2 iguanas
  2 worker ants (D:4)
  3 hound skeletons
  A howler monkey zombie (D:7)
  2 worker ant zombies
  7 gnolls (D:5)
  11 adders
  A shadow imp (D:6)
  4 oozes
  2 adder skeletons
  An adder zombie (D:6)
  2 dart slugs
  6 leopard geckos
  23 orcs
  6 giant cockroaches
  6 goblins
  10 hobgoblins
  13 jackals
  4 quokkas
  2 ball pythons
  8 bats
  5 frilled lizards
  8 kobolds
  A leopard gecko skeleton (D:4)
  8 rats
175 creatures vanquished.

Notes
Turn   | Place    | Note
-------+----------+-------------------------------------------
     0 | D:1      | Revguard the Demonspawn Archaeologist began the quest for
                  | the Orb.
     0 | D:1      | Reached XP level 1. HP: 15/15 MP: 1/1
   255 | D:1      | Gained mutation: You are partially covered in sharp spines.
                  | [demonic ancestry]
   255 | D:1      | Reached XP level 2. HP: 17/21 MP: 2/2
   361 | D:1      | Reached skill level 1 in Axes
   445 | D:1      | Gained mutation: You have a pair of small horns on your
                  | head. [demonic ancestry]
   445 | D:1      | Reached XP level 3. HP: 16/26 MP: 3/3
  1414 | D:3      | Reached XP level 4. HP: 32/32 MP: 4/4
  1461 | D:3      | Reached skill level 1 in Armour
  1590 | D:3      | Reached skill level 1 in Spellcasting
  1617 | D:3      | HP: 1/33 [orc/+0 trident (7)]
  1623 | D:3      | Gained mutation: You are mostly covered in sharp spines.
                  | [demonic ancestry]
  1623 | D:3      | Reached XP level 5. HP: 14/38 MP: 6/6
  1826 | D:3      | Found an opulent altar of Gozag.
  1826 | D:3      | Found a sacrificial altar of Ru.
  1830 | D:3      | Found a snail-covered altar of Cheibriados.
  1835 | D:3      | Found an ancient bone altar of Kikubaaqudgha.
  1836 | D:3      | Found a white marble altar of Elyvilon.
  1836 | D:3      | Found a radiant altar of Vehumet.
  1836 | D:3      | Found a blossoming altar of Fedhas.
  1836 | D:3      | Found a sparkling altar of Nemelex Xobeh.
  1836 | D:3      | Found a stormy altar of Qazlal.
  1837 | D:3      | Found a hazy altar of Hepliaklqana.
  1838 | D:3      | Found a hide-covered altar of Uskayaw.
  1839 | D:3      | Found a corrupted altar of Lugonu.
  1840 | D:3      | Found a shadowy altar of Dithmenos.
  1841 | D:3      | Found an iron altar of Okawaru.
  2164 | D:3      | Found a runed door.
  2168 | D:3      | Noticed Crazy Yiuf
  2173 | D:3      | Killed Crazy Yiuf
  2173 | D:3      | Reached skill level 1 in Staves
  2530 | D:4      | Reached skill level 2 in Spellcasting
  2536 | D:4      | Noticed a sky beast
  2538 | D:4      | Noticed an ogre
  2545 | D:4      | Killed an ogre
  2545 | D:4      | Reached skill level 1 in Evocations
  2545 | D:4      | Gained mutation: You are immune to rotting. [demonic
                  | ancestry]
  2545 | D:4      | Reached XP level 6. HP: 46/46 MP: 9/9
  2550 | D:4      | Killed a sky beast
  2566 | D:4      | Reached skill level 3 in Spellcasting
  2584 | D:4      | Found a staircase to the Ecumenical Temple.
  2608 | Temple   | Entered the Ecumenical Temple
  2720 | D:4      | Reached skill level 4 in Spellcasting
  2720 | D:4      | Reached XP level 7. HP: 21/51 MP: 10/14
  2742 | D:4      | Reached skill level 5 in Spellcasting
  2932 | D:4      | Reached skill level 6 in Spellcasting
  3159 | D:3      | Became a worshipper of Vehumet
  3268 | D:5      | Entered Level 5 of the Dungeon
  3310 | D:5      | Learned a level 3 spell: Mephitic Cloud
  3335 | D:5      | Identified the +2 leather armour of the Suburbs {Regen+
                  | rCorr}
  3550 | D:5      | Gained mutation: You have a pair of horns on your head.
                  | [demonic ancestry]
  3550 | D:5      | Reached XP level 8. HP: 57/57 MP: 17/17
  3579 | D:5      | Reached skill level 1 in Conjurations
  3948 | D:5      | Reached skill level 1 in Air Magic
  3975 | D:5      | Reached * piety under Vehumet
  3975 | D:5      | Offered knowledge of Sting by Vehumet.
  3987 | D:5      | Learned a level 1 spell: Sting
  4213 | D:6      | Noticed Edmund
  4228 | D:6      | Killed Edmund
  4228 | D:6      | Reached skill level 1 in Poison Magic
  4364 | D:6      | Reached skill level 7 in Spellcasting
  4547 | D:6      | Noticed a hippogriff
  4557 | D:6      | Killed a hippogriff
  4557 | D:6      | Reached XP level 9. HP: 41/64 MP: 19/19
  4746 | D:6      | Noticed Menkaure
  4770 | D:6      | Killed Menkaure
  4976 | D:7      | Noticed a troll
  4983 | D:7      | Killed a troll
  5014 | D:7      | Reached skill level 5 in Dodging
  5028 | D:7      | Noticed a brown ugly thing
  5039 | D:6      | HP: 3/64 [acid (4)]
  5040 | D:6      | Slain by a brown ugly thing

Skill      XL: |  1  2  3  4  5  6  7  8  9 |
---------------+----------------------------+-----
Axes           | 1 2 |  2.2
Dodging        | 3 4 5 |  5.0
Armour         | 1 3 |  3.5
Spellcasting   | 1 2 4 6 7 |  7.5
Fighting       | 2 3 |  3.5
Staves         | 2 3 4 |  4.6
Evocations     | 1 |  1.3
Conjurations   | 2 3 |  3.5
Air Magic      | 2 |  2.7
Poison Magic   | 1 2 |  2.1
Stealth        | 4 |  4.1
Maces & Flails | |  0.8

Action                   |  1- 3 |  4- 6 |  7- 9 || total
-------------------------+-------+-------+-------++-------
Melee: Hand axe          |   134 |     4 |       ||   138
       Headbutt          |     4 |    13 |    27 ||    44
       Quarterstaff      |       |    83 |   175 ||   258
 Cast: Mephitic Cloud    |       |       |    22 ||    22
       Sting             |       |       |    53 ||    53
  Use: Scroll            |     8 |     3 |     2 ||    13
       Potion            |     1 |     3 |     1 ||     5
 Stab: Sleeping          |     8 |     7 |     1 ||    16
       Paralysed         |       |     3 |       ||     3
       Confused          |       |       |     4 ||     4
       Petrifying        |       |       |     1 ||     1
       Petrified         |       |       |     1 ||     1
  Eat: Chunk             |     2 |     4 |     8 ||    14
Armor: Robe              |    38 |    22 |    12 ||    72
       Leather armour    |       |       |    39 ||    39
Dodge: Dodged            |   117 |    52 |   161 ||   330
